 Dungeon Crawl Stone Soup version 0.30.0-17-ge0270778cf (webtiles) character file.

Game seed: 2970176814668203121

9 Esekla the Magician (level 2, -1/20 HPs)
             Began as a Meteoran Hedge Wizard on May 21, 2023.
             Succumbed to an adder's poison
             ... on level 1 of the Dungeon.
             The game lasted 00:03:05 (231 turns).

Esekla the Magician (Meteoran Hedge Wizard)          Turns: 231, Time: 00:03:05

Health: -1/20      AC:  3    Str: 11    XL:     2   Next: 41%
Magic:  8/8        EV: 12    Int: 15    God:
Gold:   0          SH:  0    Dex: 13    Spells: 9/10 levels left

rFire   . . .        a - +0 dagger
rCold   . . .        (no shield)
rNeg    . . .        b - +0 robe
rPois   .            c - +0 hat
rElec   .            (no cloak)
rCorr   .            (no gloves)
SInv    .            e - +0 pair of boots
Will    .....        (no amulet)
Stlth   +            (no ring)
HPRegen 0.23/turn    (no ring)
MPRegen 0.11/turn

%: no passive effects
@: lethally poisoned (-1 -> -6), glowing
A: sense surroundings 1, otherworldly, glowing, explore regen
a: no special abilities


You were on level 1 of the Dungeon.
You visited 1 branch of the dungeon, and saw 2 of its levels.

Inventory:

Hand Weapons
 a - a +0 dagger (weapon)
Armour
 b - a +0 robe (worn)
 c - a +0 hat (worn)
 e - a +0 pair of boots (worn)
Scrolls
 f - a scroll of enchant weapon {unknown}
 g - a scroll of butterflies {unknown}
 h - a scroll of fear {unknown}
 j - a scroll of blinking {unknown}
Potions
 d - 3 potions of magic
 i - a potion of might {unknown}


   Skills:
 * Level 2.4 Dodging
 - Level 1.4 Stealth
 * Level 4.5 Spellcasting
 * Level 1.2 Conjurations
 - Level 1.2 Summonings
 * Level 1.3 Translocations
 * Level 0.2 Air Magic
 * Level 0.4 Poison Magic


You had 9 spell levels left.
You knew the following spells:

 Your Spells              Type           Power      Damage    Failure   Level
a - Magic Dart            Conj           28%        1d4       11%         1

Your spell library contained the following spells:

 Spells                   Type           Power      Damage    Failure   Level
 Blink                    Tloc           14%        N/A       16%         2
 Call Imp                 Summ           14%        N/A       16%         2
 Slow                     Hex            12%        N/A       17%         1
 Cigotuvi's Dreadful Rot  Necr/Pois/Air  6%         N/A       24%         2
 Mephitic Cloud           Conj/Pois/Air  5%         N/A       36%         3


Dungeon Overview and Level Annotations

Branches:
Dungeon (2/15) Zot: 969

Altars:


Innate Abilities, Weirdness & Mutations

You passively map a small area around you.
You are easily found by Zot.
You glow in the dark.
You regain HP and MP as you explore.


Message History

The hobgoblin barely misses you.
You hit the hobgoblin but do no damage.
The hobgoblin is severely wounded.
The hobgoblin hits you.
You hit the hobgoblin.
You kill the hobgoblin!
The adder bites you.
There is a stone staircase leading up here.
The adder bites you.
You are poisoned.
The adder poisons you!
You climb upwards.
You feel sick.
Found 19 gold pieces.
There is a stone staircase leading down here.
Casting: Magic Dart (safe; 11% risk of failure)
Confirm with . or Enter, or press ? or * to list all spells.
You don't know that spell.
Okay, then.
The adder attacks as you move away! The adder closely misses you.
You feel sick.
You feel sick. The adder bites you.
* * * LOW HITPOINT WARNING * * *
The quokka bites you.
* * * LOW HITPOINT WARNING * * *
You feel sick. The quokka misses you.
You feel sick. The adder attacks as you move away!
The adder bites you but does no damage.
You feel sick.
You are no longer poisoned.
The adder bites you but does no damage. The adder attacks as you move away!
The adder bites you but does no damage. The adder attacks as you move away!
The adder bites you but does no damage.
Found 2 fuming puce potions.
You miss the adder. The adder misses you. The adder bites you.
* * * LOW HITPOINT WARNING * * *
You are lethally poisoned!
The adder poisons you! The adder attacks as you move away!
The adder closely misses you.
Found a glowing agate ring.
You die...

* * * , ..=***
, ,,, * ,.!. ,
, ... * ,
#########
,,#.# *
,,##....#.<# *
#.#
,##.##....##
#.# , ,,*
#..##...## #.#
* ##..##.###
#@# ......##
#.##### *
.###...# *
#.Srr.# . ~
##*###.## * *
#####.# ,.~. ~
., ##.##
######.#$.≈~.
~~ #.# #..#*
#..>...r...~..
# ####
#.####.#..♣~..
~ # ,..
#.#.....~ ##,
* * ** ## #.#
####


You could see an adder.

Vanquished Creatures
  A goblin (D:2)
  3 hobgoblins (D:2)
  A kobold (D:2)
  A quokka (D:2)
  A ball python (D:2)
  A frilled lizard (D:1)
8 creatures vanquished.

Notes
Turn   | Place    | Note
-------+----------+-------------------------------------------
     0 | D:1      | Esekla the Meteoran Hedge Wizard began the quest for the
                  | Orb.
     0 | D:1      | Reached XP level 1. HP: 14/14 MP: 6/6
    96 | D:2      | Reached XP level 2. HP: 20/20 MP: 1/8
   230 | D:1      | HP: 1/20 [adder (4)]
   231 | D:1      | Succumbed to an adder's poison

Illustrated notes

Levels and vault maps discovered:
D:1:      lemuel_arrival_tunnels, layout_loops_ring, serial_rivers,
          chequers_serial_rivers_marsh, chequers_serial_rivers_marsh,
          chequers_serial_rivers_small_b, chequers_serial_rivers_micro_c,
          chequers_serial_rivers_room_b, chequers_serial_rivers_micro_e
D:2:      layout_loops_cross

Action                     || total
---------------------------++-------
  Melee: Dagger            ||    30
   Cast: Magic Dart        ||    13
 Armour: Robe              ||    11
  Dodge: Dodged            ||    24
